 Dungeon Crawl Stone Soup version 0.26.1-11-gd32895ea62 (webtiles) character file.

Game seed: 8687885883944685204

50 Zeld the Insei (level 3, 0/23 HPs)
             Began as an Octopode Transmuter on May 27, 2021.
             Succumbed to a worker ant's poison
             ... on level 4 of the Dungeon.
             The game lasted 00:01:36 (949 turns).

Zeld the Insei (Octopode Transmuter)                 Turns: 949, Time: 00:01:36

Health: 0/23       AC:  1    Str: 10    XL:     3   Next: 79%
Magic:  6/7        EV: 13    Int: 15    God:
Gold:   48         SH:  0    Dex: 12    Spells: 1/7 levels left

rFire    . . .     SeeInvis .     - Unarmed
rCold    . . .     Faith    .   (no shield)
rNeg     . . .     Spirit   .   (helmet restricted)
rPois    .         Reflect  .   (no amulet)
rElec    .         Harm     .   (no ring)
rCorr    .         Rampage  .   (no ring)
Will     .....                  (no ring)
Stlth    ++........             (no ring)
HPRegen  0.07/turn              (no ring)
MPRegen  0.10/turn              (no ring)
                                (no ring)
                                (no ring)

@: lethally poisoned (0 -> -3)
A: almost no armour, stealthy swim, amphibious, 8 rings, constrict 8, camouflage
1, gelatinous body 1
a: no special abilities


You were on level 4 of the Dungeon.
You visited 1 branch of the dungeon, and saw 4 of its levels.

You collected 48 gold pieces.

Inventory:

Scrolls
 a - 3 scrolls of enchant armour {unknown}


   Skills:
 + Level 1.5 Fighting
 + Level 2.4 Dodging
 - Level 3.0 Unarmed Combat
 * Level 2.6 Spellcasting
 * Level 2.7 Transmutations


You had one spell level left.
You knew the following spells:

 Your Spells              Type           Power        Failure   Level
a - Beastly Appendage     Tmut           20%          7%          1
b - Wereblood             Tmut           10%          10%         2
c - Spider Form           Tmut/Pois      3%           34%         3

Your spell library contained the following spells:

 Spells                   Type           Power        Failure   Level
 Ice Form                 Ice/Tmut       6%           75%         4
 Blade Hands              Tmut           5%           88%         5


Dungeon Overview and Level Annotations

Branches:
Dungeon (4/15)
 Temple: D:4-7

Altars:
Cheibriados
Elyvilon
Okawaru
Yredelemnul

Annotations:
D:2 Natasha
D:3 Ijyb
D:4 Blork the orc


Innate Abilities, Weirdness & Mutations

You cannot wear most types of armour.
You are very stealthy in the water. (Stealth+)
You are amphibious.
You can wear up to eight rings at the same time.
You can use your tentacles to constrict eight enemies at once.
Your skin changes colour to match your surroundings (Stealth+).
Your rubbery body absorbs attacks. (AC +1, EV +1)


Message History

* * * LOW HITPOINT WARNING * * *
The worker ant closely misses you.
You aren't carrying any potions.
Unknown command.
You tentacle-slap the worker ant.
You kill the worker ant!
* * * LOW HITPOINT WARNING * * *
You feel sick.
You see here a worker ant corpse.
A scorpion comes into view.
You see here a scroll labelled ECROV QENURA.
You aren't carrying any pieces of jewellery.
Unknown command.
* * * LOW HITPOINT WARNING * * *
You feel sick.
* * * LOW HITPOINT WARNING * * *
You feel sick.
Your tentacle spike disappears.
There is a stone staircase leading down here.
You die...

#.# ##............## #.#
..#....#.. #.# #.# #.# ### #.#
#####.# #.###
#...).############# ..#
#.##....=.........# #.#
#.##$@###......##.#
#.###.##>.###......##.#
########†................=##.#
.......?.........###......##.##
.......#####.###.#
#......#...## ....<.. #.# #.#
#.####..###.## ....... ... ...
..# #..# #<.. ...:... ######...
... #.## ....... .### #### ..##


There were no monsters in sight!

Vanquished Creatures
  A worker ant (D:4)
  An adder (D:2)
  A dart slug (D:4)
  A leopard gecko (D:4)
  An orc (D:4)
  3 bats
  A goblin (D:2)
  A hobgoblin (D:1)
  A quokka (D:2)
  A ball python (D:2)
  2 kobolds
  A rat (D:2)
15 creatures vanquished.

Notes
Turn   | Place    | Note
-------+----------+-------------------------------------------
     0 | D:1      | Zeld the Octopode Transmuter began the quest for the Orb.
     0 | D:1      | Reached XP level 1. HP: 13/13 MP: 3/3
   207 | D:2      | Noticed Natasha
   361 | D:2      | Reached XP level 2. HP: 15/18 MP: 3/5
   371 | D:2      | Learned a level 2 spell: Wereblood
   678 | D:2      | You fall into a shaft and drop 2 floors!
   679 | D:4      | Found a snail-covered altar of Cheibriados.
   681 | D:4      | Found a white marble altar of Elyvilon.
   681 | D:4      | Found an iron altar of Okawaru.
   681 | D:4      | Found a basalt altar of Yredelemnul.
   682 | D:4      | Noticed an ogre
   776 | D:3      | Noticed Ijyb
   854 | D:4      | Noticed Blork the orc
   884 | D:4      | Reached XP level 3. HP: 23/23 MP: 4/6
   888 | D:4      | Learned a level 3 spell: Spider Form
   940 | D:4      | Noticed a scorpion
   945 | D:4      | HP: 1/23 [poisoned by a worker ant]
   949 | D:4      | Succumbed to a worker ant's poison

Illustrated notes

Levels and vault maps discovered:
D:1:      minmay_arrival_three_doors, layout_rooms, minmay_small_reverse_x
D:2:      layout_basic, kennysheep_generic_room_6, uniq_robin, uniq_natasha
D:3:      layout_rooms, gammafunk_temple_overflow_claw,
          nicolae_qazlal_eye_of_the_storm, serial_glass, glass_columns_b,
          glass_columns_c, glass_columns_b, glass_columns_a, glass_columns_c,
          glass_columns_c, wad_woods_river_04, amcnicky_mini_pool_small,
          uniq_jessica, uniq_ijyb
D:4:      layout_loops_ring, nzn_overflow_gifts_of_might_and_magic,
          minmay_overflow_temple_hex, minmay_mini_ossuary, uniq_blork_the_orc

Action                   || total
-------------------------++-------
Melee: Unarmed           ||    34
       Constrict         ||     9
       Tentacles         ||     5
       Kick              ||     2
 Cast: Beastly Appendage ||     9
 Stab: Sleeping          ||     3
Armor: Skin              ||     6
Dodge: Dodged            ||    27
